 Dungeon Crawl Stone Soup version 0.17-a0-1504-gb7d9117 (webtiles) character file.

2166 patman the Carver (level 9, -5/82 HPs)
             Began as a Halfling Berserker on July 9, 2015.
             Was a Priest of Trog.
             Slain by a warg (13 damage)
             ... on level 9 of the Dungeon.
             The game lasted 00:12:30 (2790 turns).

patman the Carver (Halfling Berserker)              Turns: 2790, Time: 00:12:31

Health: -5/82      AC:  8    Str: 23    XL:     9   Next: 57%
Magic:  9/9        EV: 11    Int:  6    God:    Trog [***...]
Gold:   92         SH:  0    Dex: 16    Spells: 0 memorised, 8 levels left

rFire  . . .     SeeInvis .     a - +0 falchion
rCold  . . .     Clarity  +     o - +0 chain mail
rNeg   . . .     SustAt   .     (shield restricted)
rPois  +         Gourm    .     (no helmet)
rElec  .         Spirit   .     (no cloak)
rCorr  .         Warding  .     (no gloves)
rMut   .         Stasis   .     (no boots)
MR     .....                    n - amulet of clarity
Stlth  ..........               (no ring)
                                d - ring of poison resistance

@: berserking, very quick, not resistant to hostile enchantments, extremely
unstealthy
A: mutation resistance 1
a: Burn Spellbooks, Berserk, Trog's Hand, Renounce Religion


You were on level 9 of the Dungeon.
You worshipped Trog.
Trog was most pleased with you.
You were not hungry.

You visited 1 branch of the dungeon, and saw 10 of its levels.

You collected 92 gold pieces.

Inventory:

Hand weapons
 a - a +0 falchion (weapon)
 b - a +1 short sword of venom
 w - a +0 blowgun
Missiles
 k - a throwing net (quivered)
 l - 2 tomahawks
 m - 2 curare-tipped needles
 x - 13 poisoned needles
Armour
 o - a +0 chain mail (worn)
Jewellery
 d - a ring of poison resistance (left hand)
 n - an amulet of clarity (around neck)
Magical devices
 r - a wand of paralysis (11)
 v - a wand of lightning (7)
Scrolls
 g - a scroll of immolation {unknown}
 h - a scroll of identify {unknown}
 q - a scroll of recharging {unknown}
 s - a scroll of fog {unknown}
 t - 4 scrolls of remove curse {unknown}
Potions
 e - a potion of agility {unknown}
 i - a potion of flight {unknown}
 z - a potion of haste {unknown}
Comestibles
 c - 4 bread rations
 f - a meat ration
 j - 6 fruits
 p - a chunk of flesh
 u - 7 slices of pizza
 A - a royal jelly


   Skills:
 - Level 2.6 Fighting
 + Level 12.1 Long Blades
 - Level 2.1 Armour
 - Level 2.1 Dodging


You had 8 spell levels left.
You didn't know any spells.

Dungeon Overview and Level Annotations

Branches:
Dungeon (10/15)
 Temple: D:4-7         Lair: D:8-11         Orc: D:9-12

Altars:
Vehumet
Xom
Zin

Shops:
D:5 %

Annotations:
D:6 Prince Ribbit


Innate Abilities, Weirdness & Mutations

You are small and have problems with some larger weapons.
You are somewhat resistant to further mutation.


Message History

You hit the warg.
The warg is almost dead.
The warg completely misses you.
You barely miss the warg.
The warg is almost dead.
The warg bites you.
* * * LOW HITPOINT WARNING * * *
You closely miss the warg.
The warg is almost dead.
You closely miss the warg.
The warg is almost dead.
The warg bites you!
* * * LOW HITPOINT WARNING * * *
The warg bites you.
* * * LOW HITPOINT WARNING * * *
Use which ability? (? or * to list)
A red film seems to cover your vision as you go berserk!
You feel yourself moving faster!
You feel mighty!
You feel somewhat more hungry. The warg bites you!
You die...

.Y..... #.##Y..#
....(.<# #.##...#
##.####.####### ####
#........>...##.....
#######.....>....#
######h###.# #@# #.#
#.# #.# #.# ... #.#
#..


You could see a warg.

Vanquished Creatures
  A hill giant (D:10)
  A two-headed ogre (D:7)
  A hog (D:7)
  A human (D:7)
  A yak (D:8)
  A water moccasin (D:10)
  An orc warrior (D:7)
  A black bear (D:10)
  A centaur (D:8)
  An ogre (D:8)
  A big kobold (D:8)
  3 giant frogs
  An orc wizard (D:7)
  A crimson imp (D:7)
  A hound (D:7)
  3 worker ants
  An orc priest (D:7)
  3 sheep (D:7)
  An iguana (D:7)
  A hound zombie (D:7)
  7 adders
  A gnoll (D:4)
  A worm (D:3)
  11 orcs
  3 giant cockroaches
  3 goblins
  6 hobgoblins
  2 jackals (D:2)
  7 kobolds
  A quokka (D:9)
  7 bats
  A giant gecko (D:5)
  2 giant newts (D:2)
  A quokka skeleton (D:6)
  3 rats
82 creatures vanquished.

Notes
Turn   | Place    | Note
--------------------------------------------------------------
     0 | D:1      | patman the Halfling Berserker began the quest for the Orb.
     0 | D:1      | Reached XP level 1. HP: 15/15 MP: 1/1
    66 | D:1      | Reached XP level 2. HP: 14/20 MP: 2/2
   270 | D:2      | Found a faded altar to an unknown god.
   276 | D:2      | Reached skill level 4 in Long Blades
   276 | D:2      | Reached XP level 3. HP: 20/25 MP: 3/3
   776 | D:3      | Found a radiant altar of Vehumet.
   864 | D:4      | Reached XP level 4. HP: 26/30 MP: 4/4
   897 | D:4      | Noticed a phantom
   903 | D:5      | Entered Level 5 of the Dungeon
   903 | D:5      | Found Hachemou's Food Emporium.
  1050 | D:5      | Acquired Trog's second power
  1120 | D:6      | Reached skill level 5 in Long Blades
  1158 | D:7      | Noticed an orc warrior
  1165 | D:7      | Killed an orc warrior
  1165 | D:7      | Reached skill level 6 in Long Blades
  1165 | D:7      | Reached XP level 5. HP: 30/35 MP: 5/5
  1166 | D:7      | Reached XP level 6. HP: 35/41 MP: 6/6
  1454 | D:7      | Reached skill level 7 in Long Blades
  1687 | D:7      | Reached XP level 7. HP: 45/45 MP: 7/7
  1707 | D:6      | Noticed a water moccasin
  1707 | D:6      | Noticed a giant frog
  1708 | D:6      | Noticed Prince Ribbit
  1723 | D:7      | Killed a giant frog
  1750 | D:7      | Noticed a human
  1750 | D:7      | Noticed a hog
  1762 | D:7      | Killed a hog
  1762 | D:7      | Reached skill level 8 in Long Blades
  1773 | D:7      | Killed a human
  1773 | D:7      | Reached skill level 9 in Long Blades
  1773 | D:7      | Reached XP level 8. HP: 17/51 MP: 8/8
  2082 | D:7      | Noticed a two-headed ogre
  2089 | D:7      | Killed a two-headed ogre
  2203 | D:8      | Reached skill level 10 in Long Blades
  2548 | D:8      | Noticed an angel
  2548 | D:8      | Found a shimmering altar of Xom.
  2548 | D:8      | Found a glowing silver altar of Zin.
  2637 | D:8      | Reached XP level 9. HP: 46/55 MP: 9/9
  2683 | D:9      | Reached skill level 11 in Long Blades
  2715 | D:10     | Entered Level 10 of the Dungeon
  2715 | D:10     | Noticed a hill giant
  2722 | D:10     | Killed a hill giant
  2727 | D:10     | Reached skill level 12 in Long Blades
  2790 | D:9      | Slain by a warg

Vault maps used:
D:1:      dpeg_arrival_prison
D:2:      old_standard_altar, ecumenical_altar_1
D:3:      lemuel_crystal_altar, fedhas_altar_2, vehumet_crystals
D:4:      corexii_shantytown, lemuel_round_altar, first_bread, serial_shops,
          kennysheep_little_box, nicolae_shop_statue_plus,
          nicolae_shop_behind_doors
D:5:      serial_shops, shop, minmay_misc_feat_doors, kennysheep_generic_room_5
D:6:      temple_doors_e, uniq_prince_ribbit1
D:7:      led_sif_book, grunt_livestock
D:8:      grunt_temple_overflow_order_and_chaos_1
D:9:      nemelex_deck, kennysheep_mini_moat, cheibrodos_worm_habitat,
          serial_shops, nicolae_shop_stone, uniq_grum
D:10:     minmay_orc_entry_guard_dogs

Action                   |  1- 3 |  4- 6 |  7- 9 || total
-------------------------+-------+-------+-------++-------
Melee: Falchion          |    53 |     5 |    15 ||    73
       Short sword       |    30 |   110 |   146 ||   286
Invok: Berserk           |       |     1 |     2 ||     3
Evoke: Wand              |       |       |     1 ||     1
 Stab: Sleeping          |     1 |       |       ||     1
       Paralysed         |       |       |     3 ||     3
  Eat: Chunk             |       |     2 |     3 ||     5
       Beef jerky        |       |     1 |     2 ||     3
